 Dungeon Crawl Stone Soup version 0.26.0-10-g1f06aea511 (webtiles) character file.

Game seed: 13543882220953778594

2 Goblin1989 the Sneak (level 1, 0/18 HPs)
             Began as a Demonspawn Delver on Jan 23, 2021.
             Slain by a phantom (5 damage)
             ... on level 4 of the Dungeon.
             The game lasted 00:00:45 (242 turns).

Goblin1989 the Sneak (Demonspawn Delver)             Turns: 242, Time: 00:00:46

Health: 0/18       AC:  3    Str: 12    XL:     1   Next: 33%
Magic:  1/1        EV: 12    Int: 11    God:
Gold:   12         SH:  0    Dex: 14    Spells: 0/0 levels left

rFire    . . .     SeeInvis .   a - +0 mace
rCold    . . .     Faith    .   (no shield)
rNeg     . . .     Spirit   .   b - +0 leather armour
rPois    .         Reflect  .   (no helmet)
rElec    .         Harm     .   (no cloak)
rCorr    .         Rampage  .   (no gloves)
Will     .....                  (no boots)
Stlth    ++........             (no amulet)
HPRegen  0.06/turn              (no ring)
MPRegen  0.07/turn              (no ring)

@: no status effects
A: no striking features
a: no special abilities


You were on level 4 of the Dungeon.
You visited 1 branch of the dungeon, and saw 2 of its levels.

You collected 12 gold pieces.

Inventory:

Hand Weapons
 a - a +0 mace (weapon)
Armour
 b - a +0 leather armour (worn)
Wands
 g - a wand of digging (3) {@v1}
Scrolls
 c - a scroll of fog
 e - a scroll of fear
 M - a scroll of magic mapping
 N - a scroll of remove curse {unknown}
Potions
 f - a potion of haste {@q3,}


   Skills:
 - Level 3.0 Fighting
 + Level 2.0 Maces & Flails
 - Level 1.7 Dodging
 - Level 4.5 Stealth


You couldn't memorise any spells.
You didn't know any spells.
Your spell library was empty.

Dungeon Overview and Level Annotations

Branches:
Dungeon (5/15)
 Temple: D:4-7

Altars:

Shops:
D:4 *


Message History

You become a guardian mummy!
Welcome, Goblin1989 the Demonspawn Delver.
It is said that the Orb of Zot exists deep within this dungeon.
Press ? for a list of commands and other information.
Found a stone staircase leading down and a stone staircase leading up.
There is a stone staircase leading up here.
You climb upwards.
A jackal comes into view.
Found a scroll labelled FASMENKEIL.
There is a stone staircase leading down here.
A jackal comes into view.
Found 12 gold pieces.
Unknown command.
The jackal barks!
You see here a scroll labelled FASMENKEIL.
You barely miss the jackal. The jackal closely misses you. x2
Your leather armour prevents you from hitting the jackal.
The jackal closely misses you. The jackal barely misses you.
You hit the jackal.
You kill the jackal!
You closely miss the jackal. The jackal barely misses you.
You closely miss the jackal.
The jackal bites you but does no damage.
The jackal barely misses you.
You barely miss the jackal. The jackal barely misses you.
The jackal misses you.
You hit the jackal.
You kill the jackal!
Your Maces & Flails skill increases to level 2!
Unknown command.
Unknown command.
You start waiting.
Done waiting.
N - a scroll labelled FASMENKEIL
Found Fomerub's Elemental Accessories.
You now have 12 gold pieces.
There is a stone staircase leading down here.
A dart slug comes into view.
Found a murky brown potion.
A phantom comes into view.
A leopard gecko comes into view.
There is a stone staircase leading down here.
You hit the phantom.
The phantom is lightly damaged.
The phantom hits you.
The phantom blinks!
You take 2 damage, and have 16/18 hp.
The phantom closely misses you.
You hit the phantom but do no damage. The phantom hits you.
You take 5 damage, and have 11/18 hp.
MASSIVE DAMAGE!!
The phantom hits you.
* * * LOW HITPOINT WARNING * * *
You take 6 damage, and have 5/18 hp.
MASSIVE DAMAGE!!
You closely miss the phantom. The phantom hits you.
You die... █.███████.█ █.█ █.█ █.█ █.██ █.█ █... ███████.█ ████

█.......█
█.███████ █.█...█
█@█.█.███████
█W█.█.........
█.█.█..........
█w█.█.........≈.
█.█.█............
█.█.█.......≈.∩.█
█....÷...........
███>█.........§..
█.█............


You could see a phantom and a dart slug.

Vanquished Creatures
  2 jackals (D:4)
2 creatures vanquished.

Notes
Turn   | Place    | Note
-------+----------+-------------------------------------------
     0 | D:5      | Goblin1989 the Demonspawn Delver began the quest for the
                  | Orb.
     0 | D:5      | Reached XP level 1. HP: 18/18 MP: 1/1
   124 | D:4      | Found Fomerub's Elemental Accessories.
   209 | D:4      | Noticed a phantom
   242 | D:4      | Slain by a phantom

Illustrated notes

Levels and vault maps discovered:
D:4:      minmay_evil_eye, layout_basic, tgw_trog, nicolae_elemental_shop
D:5:      layout_basic, kennysheep_vampire_church, temple_statues,
          corexii_corridor_pit, uniq_edmund, uniq_ijyb

Skill      XL: |  1 |
---------------+----+-----
Maces & Flails | 2 |  2.0
Fighting       | |  3.0
Dodging        | |  1.7
Stealth        | |  4.5

Action                   || total
-------------------------++-------
Melee: Mace              ||    10
Armor: Leather armour    ||     1
Dodge: Dodged            ||     9
